 Dungeon Crawl Stone Soup version 0.20.1-1-g8b1a95d (webtiles) character file.

1082 froobite the Ruffian (level 8, -7/79 HPs)
             Began as a Troll Berserker on July 31, 2017.
             Was a Priest of Trog.
             Killed from afar by Dowan (9 damage)
             ... with a puff of flame
             ... on level 5 of the Dungeon.
             The game lasted 00:26:57 (3395 turns).

froobite the Ruffian (Troll Berserker)              Turns: 3395, Time: 00:26:59

Health: -7/79      AC:  5    Str: 26    XL:     8   Next: 8%
Magic:  7/7        EV: 11    Int:  5    God:    Trog [***...]
Gold:   198        SH:  0    Dex:  9    Spells: 7/7 levels left

rFire    . . .     SeeInvis .   p - +0 flail (crush)
rCold    . . .     Gourm    +   (no shield)
rNeg     . . .     Faith    .   a - +0 animal skin
rPois    .         Spirit   .   (helmet restricted)
rElec    .         Reflect  .   (no cloak)
rCorr    .         Harm     .   (gloves unavailable)
MR       ++...     Rnd*Tele +   (boots unavailable)
Stlth    +.........             (no amulet)
Regen    1.7/turn               q - ring of teleportation (curse)
MPRegen  0.1/turn               (no ring)

@: berserk cooldown, regenerating, slowed, very slow
A: unfitting armour, claws 3, fast metabolism 3, gourmand, regeneration 1,
shaggy fur 1, tough skin 2
a: Berserk, Trog's Hand, Burn Spellbooks, Renounce Religion


You were on level 5 of the Dungeon.
You worshipped Trog.
Trog was most pleased with you.
You were very hungry.

You visited 1 branch of the dungeon, and saw 5 of its levels.

You collected 198 gold pieces.

Inventory:

Hand Weapons
 e - a +0 dagger
 f - a +1 dagger of venom
 p - a +0 flail of crushing (weapon)
Missiles
 r - 5 tomahawks (quivered)
Armour
 a - a +0 animal skin (worn)
 c - a +0 robe
 i - a +0 robe
 j - a +0 cloak
 k - a +0 robe
Jewellery
 q - a cursed ring of teleportation (left claw)
Wands
 b - a wand of polymorph (12/24)
 g - a wand of paralysis (10/24)
Scrolls
 m - a scroll of magic mapping
Potions
 h - 2 potions of might
 n - a potion of curing
Books
 l - Kikubaaqudgha's Volume of Evil
   (You found it on level 3 of the Dungeon)

   Spells                             Type                      Level
   a - Pain                           Necromancy                   1
   Trog disapproves of the use of such an item.


   Skills:
 + Level 4.7 Fighting
 + Level 3.3 Short Blades
 + Level 1.3 Maces & Flails
 + Level 0.1 Throwing
 + Level 4.7 Dodging
 + Level 0.5 Stealth
 + Level 4.9 Unarmed Combat


You had 7 spell levels left.
You didn't know any spells.

Dungeon Overview and Level Annotations

Branches:
Dungeon (5/15)
 Temple: D:4-7

Altars:
Ashenzari
Kikubaaqudgha
Sif Muna
Vehumet

Annotations:
D:5 Dowan, Duvessa, Pikel


Innate Abilities, Weirdness & Mutations

You are too large for most types of armour.
You have claws for hands.
Your metabolism is lightning-fast.
You like to eat raw meat.
Your natural rate of healing is unusually fast.
You are covered in fur. (AC +1)
You have very tough skin. (AC +2)


Message History

* * * LOW HITPOINT WARNING * * *
The slave hits you but does no damage. Duvessa hits you but does no damage.
Pikel barely misses you.
The jackal bites you but does no damage.
The slave hits you.
* * * LOW HITPOINT WARNING * * *
Duvessa hits you with a short sword!
* * * LOW HITPOINT WARNING * * *
The slave closely misses you. Pikel barely misses you.
You hit Duvessa but do no damage. Duvessa hits you with a short sword.
* * * LOW HITPOINT WARNING * * *
The jackal bites you.
* * * LOW HITPOINT WARNING * * *
The slave barely misses you. The jackal barely misses you.
Duvessa says, "My weaknesses are his strengths!"
Duvessa hits you with a short sword.
* * * LOW HITPOINT WARNING * * *
Dowan points at you and mumbles some strange words.
The puff of flame hits you!
You die...

.##..! ..... ..
#...######..
##...........
####............
#......J........
#.....pK.:?.....
##..e@hh.......
.......ep........
.......p...%.....
.................
.................
.....#####.......
..... .......
....# .......
.......


You could see Pikel, Duvessa, 3 slaves, Dowan, a jelly and 2 jackals.

Vanquished Creatures
  The ghost of bmj180 the Cutter, a novice MfSk of Nemelex Xobeh (D:5)
  Grinder (D:3)
  A slave (D:5)
  A black bear (D:4)
  A scorpion (D:4)
  3 orc priests
  An orc wizard (D:4)
  Ijyb (D:3)
  4 gnolls (D:2)
  10 adders
  An ooze (D:1)
  2 dart slugs (D:3)
  4 leopard geckos
  10 orcs
  A giant cockroach (D:2)
  11 goblins
  7 hobgoblins
  A jackal (D:5)
  4 kobolds
  5 quokkas
  5 bats
  4 frilled lizards
  A jackal skeleton (D:4)
  4 rats
84 creatures vanquished.

Notes
Turn   | Place    | Note
-------+----------+-------------------------------------------
     0 | D:1      | froobite the Troll Berserker began the quest for the Orb.
     0 | D:1      | Reached XP level 1. HP: 22/22 MP: 0/0
   233 | D:1      | Reached XP level 2. HP: 29/29 MP: 1/1
   543 | D:2      | Reached XP level 3. HP: 11/37 MP: 2/2
   550 | D:2      | Reached ** piety under Trog
   555 | D:2      | HP: 2/55 [adder (2)]
   564 | D:2      | Reached XP level 4. HP: 3/45 MP: 3/3
  1267 | D:3      | Noticed Grinder
  1288 | D:3      | Reached XP level 5. HP: 25/53 MP: 4/4
  1293 | D:3      | Killed Grinder
  1293 | D:3      | Reached skill level 1 in Short Blades
  1293 | D:3      | Reached XP level 6. HP: 13/62 MP: 5/5
  1430 | D:3      | Found a deep blue altar of Sif Muna.
  1431 | D:3      | Found an ancient bone altar of Kikubaaqudgha.
  1434 | D:3      | Found a radiant altar of Vehumet.
  1439 | D:3      | Identified Kikubaaqudgha's Volume of Evil
  1565 | D:3      | Noticed Ijyb
  1604 | D:3      | Killed Ijyb
  2068 | D:3      | Found a shattered altar of Ashenzari.
  2416 | D:4      | Reached *** piety under Trog
  2478 | D:4      | Reached XP level 7. HP: 70/70 MP: 6/6
  3365 | D:5      | Entered Level 5 of the Dungeon
  3365 | D:5      | Noticed bmj180's ghost (novice MfSk)
  3369 | D:5      | Noticed Pikel
  3374 | D:5      | Killed bmj180's ghost
  3374 | D:5      | Reached skill level 1 in Maces & Flails
  3374 | D:5      | Reached XP level 8. HP: 79/79 MP: 7/7
  3375 | D:5      | Noticed Dowan
  3378 | D:5      | Noticed Duvessa
  3391 | D:5      | HP: 2/79 [slave[Pikel] (2)]
  3395 | D:5      | Killed from afar by Dowan

Skill      XL: |  1  2  3  4  5  6  7 |
---------------+----------------------+-----
Fighting       | 3 4 |  4.7
Unarmed Combat | 4 |  4.9
Short Blades   | 1 2 3 |  3.3
Dodging        | 3 4 |  4.7
Maces & Flails | 1 |  1.3
Throwing       | |  0.1
Stealth        | |  0.5

Action                   |  1- 3 |  4- 6 |  7- 9 || total
-------------------------+-------+-------+-------++-------
Melee: Unarmed           |    53 |     9 |       ||    62
       Dagger            |       |   213 |     1 ||   214
       Punch             |       |     5 |     2 ||     7
       Flail             |       |       |    84 ||    84
Throw: Tomahawk          |       |       |     1 ||     1
Invok: Berserk           |     1 |     3 |     2 ||     6
       Trog's Hand       |       |     2 |     1 ||     3
  Use: Scroll            |     1 |     3 |     1 ||     5
       Potion            |       |       |     1 ||     1
  Eat: Bread ration      |     1 |     2 |       ||     3
       Fruit             |       |     4 |     4 ||     8
       Chunk             |       |     2 |     3 ||     5
       Royal jelly       |       |     1 |     1 ||     2
       Meat ration       |       |     1 |       ||     1
Armor: Animal skin       |    22 |    94 |    88 ||   204
Dodge: Dodged            |    37 |   127 |   130 ||   294
